 Dungeon Crawl Stone Soup version 0.24.0-13-gcf9b3192b9 (webtiles) character file.

Game seed: 4595500929277796492, levelgen mode: deterministic

7779 Mesmaeker13 the Destroyer (level 11, -4/54 HPs)
             Began as an Octopode Conjurer on Nov 5, 2019.
             Was a Follower of Hepliaklqana.
             Slain by an unseen horror (5 damage)
             ... on level 10 of the Dungeon.
             The game lasted 00:24:30 (14493 turns).

Mesmaeker13 the Destroyer (Octopode Conjurer)      Turns: 14493, Time: 00:24:31

Health: -4/54      AC:  1    Str:  8    XL:     11   Next: 20%
Magic:  19/19      EV: 16    Int: 21    God:    Hepliaklqana [*.....]
Gold:   799        SH:  5    Dex: 12    Spells: 11/21 levels left

rFire    . . .     SeeInvis .   C - staff of energy
rCold    . . .     Gourm    .   s - +0 buckler
rNeg     . . .     Faith    .   (helmet restricted)
rPois    .         Spirit   .   (no amulet)
rElec    .         Reflect  .   (no ring)
rCorr    .         Harm     .   (no ring)
MR       .....                  (no ring)
Stlth    +++.......             (no ring)
HPRegen  0.18/turn              (no ring)
MPRegen  0.16/turn              (no ring)
                                (no ring)
                                (no ring)

@: no status effects
A: almost no armour, stealthy swim, amphibious, 8 rings, constrict 8, reduced
essence, camouflage 1, gelatinous body 1
a: Recall Ancestor, Ancestor Identity, Renounce Religion


You were on level 10 of the Dungeon.
You worshipped Hepliaklqana.
Hepliaklqana was aware of your devotion.
You were not hungry.

You visited 1 branch of the dungeon, and saw 10 of its levels.

You collected 799 gold pieces.

Inventory:

Hand Weapons
 k - a +2 short sword of freezing
 p - a +1 dagger of venom
 G - a +0 spear of freezing
Missiles
 e - a throwing net (quivered)
 l - 35 poisoned darts
Armour
 s - a +0 buckler (worn)
Magical Staves
 C - an uncursed staff of energy (weapon)
Jewellery
 m - an uncursed ring of fire
Wands
 g - a wand of digging (3)
 B - a wand of clouds (4)
Scrolls
 c - 5 scrolls of teleportation
 d - a scroll of enchant weapon
 j - a scroll of enchant armour
 r - 2 scrolls of amnesia
 t - 3 scrolls of magic mapping
 u - a scroll of brand weapon
 v - a scroll of acquirement {unknown}
 y - 2 scrolls of remove curse
 z - a scroll of fog
 A - a scroll of blinking
 F - a scroll of fear
Potions
 a - a potion of cancellation
 f - a potion of berserk rage
 i - 2 potions of might
 n - 6 potions of flight
 o - a potion of resistance
 w - a potion of mutation
Comestibles
 b - 18 rations


   Skills:
 + Level 5.7 Dodging
 - Level 2.6 Stealth
 - Level 4.0 Shields
 - Level 5.5 Spellcasting
 + Level 11.4 Conjurations
 + Level 9.6 Hexes


You had 11 spell levels left.
You knew the following spells:

 Your Spells              Type           Power        Failure   Level  Hunger
a - Magic Dart            Conj           ####         1%          1    None
b - Searing Ray           Conj           ######       1%          2    None
c - Dazzling Spray        Conj/Hex       ######       1%          3    None
d - Fulminant Prism       Conj/Hex       ######....   1%          4    None

Your spell library contained the following spells:

 Spells                   Type           Power        Failure   Level  Hunger
 Iskenderun's Mystic Bla  Conj           ######..     1%          4    None
 Force Lance              Conj/Tloc      ####....     10%         4    None


Dungeon Overview and Level Annotations

Branches:
Dungeon (10/15)            Temple (0/1) D:4
   Lair: D:8-11         Orc: D:9-12

Altars:
Cheibriados
Elyvilon
Gozag
Hepliaklqana
Makhleb
Ru
Sif Muna
Trog
Xom
Yredelemnul
Zin

Shops:
D:7 *

Annotations:
D:10 Erolcha


Innate Abilities, Weirdness & Mutations

You cannot wear most types of armour.
You are very stealthy in the water. (Stealth+)
You are amphibious.
You can wear up to eight rings at the same time.
You can use your tentacles to constrict eight enemies at once.
Your skin changes colour to match your surroundings (Stealth+).
Your rubbery body absorbs attacks. (AC +1, EV +1)
Your life essence is reduced to manifest your ancestor. (-10% HP)


Message History

Kammani misses the warg.
The warg completely misses you.
Unknown command.
Something hits you.
* * * LOW HITPOINT WARNING * * *
Kammani hits the warg with a +0 flail.
You feel better. Something hits you but does no damage. Something hits you.
* * * LOW HITPOINT WARNING * * *
The warg barely misses you.
Kammani hits the orc with a +0 flail!
The orc dies!
Unknown command.
Something hits you!
* * * LOW HITPOINT WARNING * * *
The warg misses you.
A leopard gecko and an orc warrior come into view.
The leopard gecko hisses angrily.
You block something's attack. Something hits you.
* * * LOW HITPOINT WARNING * * *
There is an open door here.
It was a potion of magic.
Magic courses through your body. Something hits you.
You die...

#....# ..# #... # #....'
...# #... #. #....# ...#
#..) #..#....# #..# ####
#..# ...##'#....# #..##...#
####
...........#####........
...........R...h........
...........#............
.........).#####@######
.........)o.............
......o..<.l............
........................
#+###...................
#.............#######
#.............#.....####+##.
#.....o.......'.............
.######.......#...........c.


You could see the friendly Kammani the knight, a warg, 2 orc warriors and a
leopard gecko.

Vanquished Creatures
  2 two-headed ogres
  An ice statue (D:9)
  3 hippogriffs (D:8)
  2 wyverns (D:8)
  A hungry ghost (D:9)
  A warg (D:10)
  Menkaure (D:5)
  3 ice beasts
  2 orc warriors (D:10)
  A necrophage (D:8)
  3 sky beasts
  2 phantoms
  2 ogres
  3 centaurs
  5 bullfrogs
  A gnoll sergeant (D:9)
  3 scorpions
  3 killer bees (D:9)
  3 wights (D:7)
  2 electric eels (D:10)
  2 howler monkeys
  A quasit (D:9)
  4 crimson imps
  3 hounds
  4 orc priests
  A gnoll shaman (D:6)
  5 jellies
  13 orc wizards
  2 centaur skeletons
  A knight (D:10)
  Natasha (thrice) (D:2)
  9 worker ants
  4 ancestors
  A hound zombie (D:5)
  A worker ant zombie (D:8)
  Robin (D:4)
  16 gnolls
  13 adders
  A shadow imp (D:8)
  6 oozes
  An adder zombie (D:7)
  3 worms
  2 leopard geckos
  26 orcs
  7 bats
  4 giant cockroaches
  22 goblins
  10 hobgoblins
  5 jackals
  5 kobolds
  5 quokkas
  A ball python (D:1)
  A frilled lizard (D:1)
  A giant cockroach zombie (D:3)
  A jackal skeleton (D:4)
  A quokka skeleton (D:5)
  4 rats
234 creatures vanquished.

Vanquished Creatures (collateral kills)
  A warg (D:10)
  An orc warrior (D:9)
  2 ice beasts
  A bullfrog (D:7)
  A gnoll sergeant (D:10)
  A wyvern zombie (D:9)
  A scorpion (D:8)
  A wight (D:7)
  2 killer bees (D:9)
  2 orc priests
  An orc wizard (D:8)
  2 iguanas
  3 worker ants (D:7)
  2 gnolls (D:9)
  2 shadow imps (D:10)
  An ooze (D:8)
  2 orcs (D:10)
  2 jackals
28 creatures vanquished.

Vanquished Creatures (others)
  An ancestor (D:8)
  An orc wizard (D:6)
  A jackal (D:10)
  39 fulminant prisms
  4 toadstools (D:1)
46 creatures vanquished.

Grand Total: 308 creatures vanquished

Notes
Turn   | Place    | Note
-------+----------+-------------------------------------------
     0 | D:1      | Mesmaeker13 the Octopode Conjurer began the quest for the
                  | Orb.
     0 | D:1      | Reached XP level 1. HP: 11/11 MP: 3/3
   411 | D:1      | Reached XP level 2. HP: 17/17 MP: 1/5
  1266 | D:2      | Reached XP level 3. HP: 21/21 MP: 0/6
  1422 | D:2      | Learned a level 2 spell: Searing Ray
  2148 | D:2      | Found a glowing silver altar of Zin.
  2185 | D:2      | Noticed Natasha
  2215 | D:2      | Killed Natasha
  2215 | D:2      | Reached XP level 4. HP: 5/27 MP: 0/8
  2830 | D:2      | Noticed Natasha
  2837 | D:2      | Killed Natasha
  2936 | D:2      | Noticed Natasha
  2941 | D:2      | Killed Natasha
  2941 | D:2      | Reached XP level 5. HP: 24/31 MP: 4/9
  3312 | D:3      | Reached skill level 5 in Conjurations
  3911 | D:3      | Found a sacrificial altar of Ru.
  4378 | D:4      | Found a staircase to the Ecumenical Temple.
  4380 | D:4      | Noticed Robin
  4468 | D:5      | Entered Level 5 of the Dungeon
  4469 | D:5      | Reached XP level 6. HP: 36/36 MP: 4/11
  4536 | D:5      | Noticed a sky beast
  4549 | D:4      | Killed Robin
  4850 | D:4      | Reached XP level 7. HP: 38/41 MP: 8/13
  5034 | D:4      | Reached skill level 6 in Conjurations
  5071 | D:3      | Found a glowing silver altar of Zin.
  5319 | D:4      | Reached skill level 5 in Dodging
  5494 | D:4      | Found a bloodstained altar of Trog.
  5494 | D:4      | Found a snail-covered altar of Cheibriados.
  5602 | D:4      | Learned a level 3 spell: Dazzling Spray
  6043 | D:5      | Noticed Menkaure
  6160 | D:5      | Reached skill level 1 in Hexes
  6181 | D:5      | Reached XP level 8. HP: 46/46 MP: 5/15
  6218 | D:5      | Killed Menkaure
  6218 | D:5      | Reached skill level 1 in Shields
  6218 | D:5      | Reached skill level 5 in Spellcasting
  6451 | D:5      | Found an opulent altar of Gozag.
  6452 | D:5      | Found a shimmering blue altar of Sif Muna.
  6452 | D:5      | Found a basalt altar of Yredelemnul.
  7655 | D:6      | Learned a level 4 spell: Fulminant Prism
  7713 | D:6      | Reached skill level 7 in Conjurations
  8220 | D:6      | Identified the +5 shortbow "Ulaisch" {flame, rN+ Dex+2}
  8368 | D:6      | Reached XP level 9. HP: 38/51 MP: 6/17
  8761 | D:6      | Found a hazy altar of Hepliaklqana.
  8866 | D:6      | Became a worshipper of Hepliaklqana the Forgotten
  9224 | D:7      | Found Qeotweoc's General Store.
  9316 | D:7      | Reached skill level 8 in Conjurations
  9585 | D:7      | Reached skill level 5 in Hexes
 10438 | D:8      | Reached skill level 9 in Conjurations
 10766 | D:8      | Reached XP level 10. HP: 32/50 MP: 6/18
 11277 | D:8      | Reached * piety under Hepliaklqana
 11305 | D:8      | Noticed a two-headed ogre
 11329 | D:8      | Killed a two-headed ogre
 11329 | D:8      | Reached skill level 10 in Conjurations
 11775 | D:8      | Found a shimmering altar of Xom.
 12524 | D:9      | Noticed a two-headed ogre
 12530 | D:9      | Killed a two-headed ogre
 12654 | D:9      | Found the +9 scales of the Dragon King {rPois rF+ rC+ MR+}
 12764 | D:9      | Found a white marble altar of Elyvilon.
 12775 | D:9      | Reached ** piety under Hepliaklqana
 12776 | D:9      | Remembered your ancestor Kammani as a knight
 13129 | D:9      | Reached skill level 11 in Conjurations
 13237 | D:9      | Noticed an ice statue
 13249 | D:9      | Killed an ice statue
 13249 | D:9      | Reached XP level 11. HP: 54/54 MP: 7/19
 13548 | D:9      | Found a burning altar of Makhleb.
 13573 | D:10     | Entered Level 10 of the Dungeon
 14320 | D:10     | Identified the +0 plate armour of the Ward {Int+2}
 14360 | D:10     | Noticed Erolcha
 14492 | D:10     | HP: 1/54 [something (3)]
 14493 | D:10     | Slain by an unseen horror

Levels and vault maps discovered:
D:1:      ldierk_water_garden, layout_loops_ring
D:2:      kennysheep_the_goblin_king, layout_loops_ring,
          nicolae_overflow_crystal_walls, due_unseen_surprise, uniq_natasha
D:3:      lemuel_upstairs_altar, layout_loops_ring,
          nicolae_ru_sacrificial_ziggurat, first_ration
D:4:      layout_cave_pools, amethyst_overflow_temple_binary, temple_doors_cd,
          cheibrodos_sewer_entry_bend, uniq_robin
D:5:      layout_basic, minitemple, uniq_menkaure
D:6:      layout_layer_cave, lemuel_doored_altar
D:7:      layout_rooms, serial_shops, shop
D:8:      layout_cave_pods, xom_teletrap_fun, hangedman_little_slice_of_home
D:9:      lemuel_ice_statue, layout_irregular_city, lightli_temple_of_fire,
          basic_altar
D:10:     layout_gridville, minivault_25, nooodl_orcs_dogs, uniq_erolcha

Skill      XL: |  1  2  3  4  5  6  7  8  9 10 |
---------------+-------------------------------+-----
Dodging        | 3 4 5 |  5.7
Spellcasting   | 3 4 5 |  5.5
Conjurations   | 5 6 7 9 11 | 11.4
Hexes          | 1 3 6 9 |  9.6
Shields        | 3 4 |  4.0
Stealth        | |  2.6

Action                   |  1- 3 |  4- 6 |  7- 9 | 10-12 || total
-------------------------+-------+-------+-------+-------++-------
Melee: Dagger            |    12 |    30 |    47 |    24 ||   113
       Constrict         |     1 |    12 |    13 |    14 ||    40
       Tentacles         |     1 |     7 |    16 |     9 ||    33
       Spear             |       |     7 |       |       ||     7
       Long sword        |       |       |    16 |       ||    16
       Staff             |       |       |       |    25 ||    25
Throw: Dart              |    17 |       |       |       ||    17
       Throwing net      |     3 |     1 |       |       ||     4
 Cast: Magic Dart        |    64 |    44 |   143 |    63 ||   314
       Searing Ray       |     2 |    19 |    44 |    13 ||    78
       Dazzling Spray    |       |       |    12 |     8 ||    20
       Fulminant Prism   |       |       |     7 |    32 ||    39
Invok: Recall Ancestor   |       |       |     1 |     1 ||     2
       Ancestor Life: Kn |       |       |       |     1 ||     1
Evoke: Wand              |       |     1 |       |       ||     1
  Use: Potion            |     4 |     2 |       |     3 ||     9
       Scroll            |     1 |     5 |     8 |     4 ||    18
 Stab: Sleeping          |       |     1 |     1 |       ||     2
  Eat: Chunk             |     4 |     6 |     9 |     6 ||    25
       Ration            |       |     1 |     3 |     3 ||     7
Armor: Skin              |     9 |     3 |     3 |     3 ||    18
Dodge: Dodged            |    11 |    43 |    88 |    65 ||   207
Block: Buckler           |       |       |    17 |    27 ||    44
       Rpst.: Long sword |       |       |     5 |       ||     5
